 Dungeon Crawl Stone Soup version 0.30-a0-760-g5a9884bb7c (webtiles) character file.

Game seed: 13020881495993524157

242 boo the Slasher (level 5, -5/47 HPs)
             Began as a Minotaur Fighter on Feb 11, 2023.
             Slain by Blork the orc
             ... wielding a +0 short sword
              (6 damage)
             ... on level 4 of the Dungeon.
             The game lasted 00:04:02 (2800 turns).

boo the Slasher (Minotaur Fighter)                  Turns: 2800, Time: 00:04:02

Health: -5/47      AC:  8    Str: 23    XL:     5   Next: 81%
Magic:  4/4        EV:  9    Int:  5    God:
Gold:   153        SH:  4    Dex:  9    Spells: 4/4 levels left

rFire   . . .      SeeInvis .    a - +0 long sword
rCold   . . .      Faith    .    c - +0 buckler
rNeg    . . .      Spirit   .    b - +0 scale mail
rPois   .          Reflect  .    (helmet restricted)
rElec   .          Harm     .    (no cloak)
rCorr   .          Rampage  .    p - +0 pair of gloves
Will    .....                    (no boots) Stlth
                                 (no amulet)
HPRegen 0.27/turn                (no ring)
MPRegen 0.09/turn                (no ring)

@: weak-willed
A: horns 2, retaliatory headbutt, mutation resistance 1
a: no special abilities


You were on level 4 of the Dungeon.
You visited 1 branch of the dungeon, and saw 4 of its levels.

You collected 153 gold pieces.

Inventory:

Hand Weapons
 a - a +0 long sword (weapon)
Armour
 b - a +0 scale mail (worn)
 c - a +0 buckler (worn)
 p - a +0 pair of gloves (worn)
Scrolls
 g - 3 scrolls of identify
 j - 4 scrolls of fog
 l - a scroll of noise {unknown}
 m - a scroll of teleportation {unknown}
 o - a scroll of fear {unknown}
Potions
 d - 2 potions of might
 e - 2 potions of mutation
 f - 2 potions of degeneration {unknown}
 h - 3 potions of flight {unknown}
 i - 2 potions of curing {unknown}
 n - a potion of lignification {unknown}


   Skills:
 + Level 4.8 Fighting
 * Level 5.0 Long Blades
 + Level 4.8 Armour
 + Level 4.8 Shields


You had 4 spell levels left.
You didn't know any spells.
Your spell library was empty.

Dungeon Overview and Level Annotations

Branches:
Dungeon (4/15)
 Temple: D:4-7

Altars:

Annotations:
D:2 exclusion: downstairs
D:4 Blork the orc


Innate Abilities, Weirdness & Mutations

You have a pair of horns on your head.
You reflexively headbutt those who attack you in melee.
You are somewhat resistant to further mutation.


Message History

You hit Blork the orc. You headbutt Blork the orc.
Blork the orc is heavily wounded.
Blork the orc zaps a wand.
The puff of flame hits you! The orc hits you but does no damage.
The orc wizard barely misses you. The orc hits you but does no damage. x3
Blork the orc points at you and mumbles some strange words.
The puff of frost hits you. The orc hits you but does no damage.
The orc hits you with a +0 dagger.
* * * LOW HITPOINT WARNING * * *
The orc hits you with a +0 mace.
* * * LOW HITPOINT WARNING * * *
The orc closely misses you.
The orc wizard hits you but does no damage.
Unknown command.
As you read the scroll labelled TIKLAFA KORAU, it crumbles to dust.
It is a scroll of identify.
j - 4 scrolls of fog Blork the orc barely misses you.
The orc hits you with a +0 hand axe.
* * * LOW HITPOINT WARNING * * *
The orc wizard mumbles some strange words.
The orc wizard flickers and vanishes!
Deactivating autopickup; reactivate with Ctrl-A.
The orc hits you but does no damage. The orc barely misses you.
The orc hits you but does no damage.
As you read the scroll labelled RIVOEMIETA, it crumbles to dust.
Magic quickly surges around you.
It was a scroll of vulnerability.
Blork the orc zaps a wand.
The puff of flame hits you.
* * * LOW HITPOINT WARNING * * *
Blork the orc screams, "I'm going to kill you!"
You block Blork the orc's attack. The orc hits you with a +0 hand axe.
* * * LOW HITPOINT WARNING * * *
Something hits you but does no damage. The orc hits you but does no damage.
You block the orc's attack. The orc hits you but does no damage.
Unknown command.
Unknown command.
Unknown command.
It was a potion of mutation.
You feel extremely strange.
You feel genetically stable.
Blork the orc hits you with a +0 short sword.
You die...

...............
........>......# .
...............# .
...............# #
...............# #
...............# #
......ooo......# ##
......o@.......# ##.
......{o.......#######..
...............#........
..............#.........
..............#.........
..............##.......#
...............####...###
..............># ##.##
...............# ##..##


You could see Blork the orc (fast, weak-willed) and 4 orcs.

Vanquished Creatures
  Terence (D:2)
  Robin (D:2)
  8 adders
  7 gnolls (D:3)
  2 worms
  An orc (D:2)
  5 ball pythons
  3 bats
  3 endoplasms
  4 giant cockroaches
  11 goblins
  10 hobgoblins
  2 kobolds
  A quokka (D:3)
  2 frilled lizards
  7 rats
68 creatures vanquished.

Vanquished Creatures (others)
  4 plants (D:3)
4 creatures vanquished.

Grand Total: 72 creatures vanquished

Notes
Turn   | Place    | Note
-------+----------+-------------------------------------------
     0 | D:1      | boo the Minotaur Fighter began the quest for the Orb.
     0 | D:1      | Reached XP level 1. HP: 19/19 MP: 0/0
   258 | D:1      | Reached XP level 2. HP: 27/27 MP: 1/1
   740 | D:2      | Reached skill level 3 in Long Blades
   836 | D:2      | Reached XP level 3. HP: 21/33 MP: 2/2
   911 | D:2      | Noticed Robin
   937 | D:2      | Killed Robin
  1120 | D:2      | Noticed Terence
  1123 | D:2      | Killed Terence
  1124 | D:2      | Reached XP level 4. HP: 37/40 MP: 3/3
  1246 | D:2      | Reached skill level 4 in Long Blades
  1597 | D:2      | Found a faded altar of an unknown god.
  1736 | D:3      | Reached XP level 5. HP: 42/47 MP: 4/4
  2038 | D:3      | Reached skill level 5 in Long Blades
  2787 | D:4      | Noticed Blork the orc
  2799 | D:4      | HP: 1/47 [orc/+0 hand axe (4)]
  2800 | D:4      | Gained mutation: You are somewhat resistant to further
                  | mutation. [potion of mutation]
  2800 | D:4      | Slain by Blork the orc

Illustrated notes

Levels and vault maps discovered:
D:1:      co_arrival_square_in_a_square_in_a_square, layout_basic,
          hangedman_decor_diamond_cutter, minmay_misc_feat_columns
D:2:      layout_loops_ring, hellmonk_ecumenical_altar_defaced_shrine,
          uniq_terence, uniq_robin
D:3:      layout_rooms, minmay_shallow_snake_nest
D:4:      layout_layer_cave, nemelex_dance_club_becter, uniq_blork_the_orc

Skill      XL: |  1  2  3  4  5 |
---------------+----------------+-----
Long Blades    | 3 4 5 |  5.0
Fighting       | 4 |  4.8
Armour         | 4 |  4.8
Shields        | 4 |  4.8

Action                     |  1- 3 |  4- 6 || total
---------------------------+-------+-------++-------
  Melee: Long sword        |    70 |    94 ||   164
         Headbutt          |    12 |    20 ||    32
    Use: Scroll            |       |     2 ||     2
         Potion            |       |     1 ||     1
 Armour: Scale mail        |    28 |    62 ||    90
  Dodge: Dodged            |    41 |    53 ||    94
  Block: Buckler           |    10 |    32 ||    42

Table legend: (Time is in decaauts)
 A = Elapsed time spent in this place.
 B = Non-inter-level travel time spent in this place.
 C = Inter-level travel time spent in this place.
 D = Time resting spent in this place.
 E = Time spent auto-exploring this place.
 F = Levels seen in this place.
 G = Mean time per level.
                   A        B        C        D        E       F      G
               +--------+--------+--------+--------+--------+-----+--------+
         Total |   2840 |   2776 |     64 |    302 |   2040 |   4 |  710.0 |
       Dungeon |   2840 |   2776 |     64 |    302 |   2040 |   4 |  710.0 |
               +--------+--------+--------+--------+--------+-----+--------+

Top non-repeatable levels by time:
     D:2: 987 daAuts
     D:3: 732 daAuts
     D:1: 687 daAuts
     D:4: 432 daAuts
